 Dungeon Crawl Stone Soup version 0.31.0-32-g396128a36d (webtiles) character file.

Game seed: 4601466815552015173

147 jagang the Slasher (level 5, -3/41 HPs)
             Began as a Human Monk on Mar 15, 2024.
             Slain by a gnoll bouda
             ... wielding a +0 club
              (4 damage)
             ... on level 4 of the Dungeon.
             The game lasted 00:03:58 (1670 turns).

jagang the Slasher (Human Monk)                     Turns: 1670, Time: 00:03:59

Health: -3/41      AC:  9    Str: 11    XL:     5   Next: 29%
Magic:  5/5        EV:  6    Int: 10    God:
Gold:   116        SH:  0    Dex: 18    Spells: 4/4 levels left

rFire   . . .        a - +0 falchion
rCold   . . .        d - orb {light}
rNeg    . . .        h - +0 chain mail
rPois   +            (no helmet)
rElec   .            (no cloak)
rCorr   .            (no gloves)
SInv    .            i - +0 pair of boots
Will    .....        (no amulet) Stlth
                     b - ring of poison resistance
HPRegen 0.26/turn    (no ring)
MPRegen 0.09/turn

%: no passive effects
@: glowing, studying Polearms
A: explore regen
a: no special abilities


You were on level 4 of the Dungeon.
You visited 1 branch of the dungeon, and saw 4 of its levels.

You collected 116 gold pieces.

Inventory:

Hand Weapons
 a - a +0 falchion (weapon)
Missiles
 e - a boomerang (quivered)
Armour
 d - an orb of light (worn)
 h - a +0 chain mail (worn)
 i - a +0 pair of boots (worn)
Jewellery
 b - a ring of poison resistance (left hand)
Scrolls
 f - 2 scrolls of identify
 j - a scroll of immolation
 k - 2 scrolls of noise
 o - a scroll of fog
Potions
 c - a potion of ambrosia
 g - a potion of attraction {unknown}
 l - 2 potions of curing {unknown}
 m - a potion of magic {unknown}
 n - a potion of cancellation {unknown}
 p - a potion of might {unknown}


   Skills:
 - Level 3.0 Fighting
 * Level 5.0 Long Blades
 + Level 2.5 Throwing
 - Level 3.0 Dodging


You had 4 spell levels left.
You didn't know any spells.
Your spell library contained the following spells:

 Spells                   Type           Power      Damage    Failure   Level
 Tukima's Dance           Hex            0%         N/A       100%        3
 Passage of Golubria      Tloc           0%         N/A       100%        4
 Yara's Violent Unravell  Hex/Alch       0%         3d3       100%        5


Dungeon Overview and Level Annotations

Branches:
Dungeon (4/15)
 Temple: D:4-7

Altars:
Gozag
Ru

Shops:
D:2 :   D:4 ?

Annotations:
D:3 Grinder


Innate Abilities, Weirdness & Mutations

You regain HP and MP as you explore.


Message History

The gnoll hits you but does no damage.
The gnoll bouda barks out a call to the hunt!
You barely miss the gnoll bouda. The gnoll hits you but does no damage.
The gnoll bouda hits you but does no damage.
You hit the gnoll bouda.
The gnoll bouda is lightly wounded.
The gnoll is no longer moving quickly.
The gnoll barely misses you.
The gnoll bouda hits you with a +0 club.
You hit the gnoll bouda but do no damage.
The gnoll bouda is lightly wounded.
The gnoll hits you from afar with a +0 spear.
The gnoll bouda hits you but does no damage.
The gnoll hits you from afar with a +0 spear.
* * * LOW HITPOINT WARNING * * *
You barely miss the gnoll bouda.
The gnoll bouda is lightly wounded.
The gnoll bouda hits you but does no damage.
The gnoll hits you from afar with a +0 spear.
* * * LOW HITPOINT WARNING * * *
As you read the scroll of immolation, it crumbles to dust.
The creatures around you are filled with an inner flame!
The gnoll bouda hits you but does no damage.
The gnoll barely misses you.
You hit the gnoll bouda but do no damage.
The gnoll bouda is lightly wounded.
The gnoll bouda barks out a call to the hunt!
The gnoll picks up the pace!
The gnoll hits you from afar with a +0 spear.
* * * LOW HITPOINT WARNING * * *
You hit the gnoll bouda but do no damage.
The gnoll bouda is lightly wounded.
The gnoll bouda closely misses you.
The gnoll hits you from afar with a +0 spear.
* * * LOW HITPOINT WARNING * * *
You hit the gnoll bouda.
Flame seeps out of the gnoll bouda.
The gnoll bouda is heavily wounded.
The gnoll bouda is engulfed in blazing flames.
Flame seeps out of the gnoll bouda.
The gnoll bouda hits you with a +0 club.
You die...

#.# ###.# ###...#
##....## #..##.##
#.###..# ###########.#
#..######§§§≈≈≈≈§≈#.#
#.)lsg@.§.§§........#
....gg####≈≈§≈≈≈≈≈§###
....> ########### .!..
... .. .


You could see a gnoll bouda (inner flame), a scorpion (inner flame), an iguana
(inner flame) and 2 gnolls.

Vanquished Creatures
  A scorpion (D:4)
  2 gnolls (D:4)
  2 adders
  3 dart slugs
  A ribbon worm (D:2)
  2 orcs
  2 endoplasms
  2 giant cockroaches
  4 goblins
  3 hobgoblins
  3 jackals (D:3)
  2 kobolds (D:1)
  2 quokkas (D:1)
  4 ball pythons
  4 frilled lizards
  5 rats
42 creatures vanquished.

Notes
Turn   | Place    | Note
-------+----------+-------------------------------------------
     0 | D:1      | jagang the Human Monk began the quest for the Orb.
     0 | D:1      | Reached XP level 1. HP: 18/18 MP: 1/1
   167 | D:1      | Reached XP level 2. HP: 24/24 MP: 2/2
   405 | D:1      | Reached skill level 1 in Throwing
   878 | D:2      | Found Dutiw's Book Shoppe.
   905 | D:2      | Reached XP level 3. HP: 29/29 MP: 3/3
   945 | D:2      | Found a sacrificial altar of Ru.
   969 | D:2      | Reached skill level 4 in Long Blades
  1447 | D:3      | Found an opulent altar of Gozag.
  1460 | D:4      | Found Volig's Magic Scroll Emporium.
  1511 | D:4      | Reached XP level 4. HP: 33/35 MP: 4/4
  1575 | D:3      | Noticed Grinder
  1644 | D:4      | Noticed a scorpion
  1646 | D:4      | Noticed a scorpion
  1660 | D:4      | Killed a scorpion
  1661 | D:4      | Reached skill level 5 in Long Blades
  1661 | D:4      | Reached XP level 5. HP: 23/41 MP: 5/5
  1669 | D:4      | HP: 1/41 [gnoll/+0 spear[a gnoll bouda] (3)]
  1670 | D:4      | Slain by a gnoll bouda

Illustrated notes

Levels and vault maps discovered:
D:1:      dpeg_arrival_renting, layout_basic
D:2:      layout_basic, serial_shops, shop, basic_altar
D:3:      layout_loops_ring, old_standard_altar, serial_shops,
          nicolae_shop_drivethru, uniq_grinder
D:4:      layout_rooms, serial_shops, nicolae_take_the_stairs,
          amcnicky_mini_rare_corridor_liquid

Skill      XL: |  1  2  3  4 |
---------------+-------------+-----
Throwing       | 1 2 |  2.5
Long Blades    | 4 5 |  5.0
Fighting       | |  3.0
Dodging        | |  3.0

Action                     |  1- 3 |  4- 6 || total
---------------------------+-------+-------++-------
  Melee: Falchion          |    75 |    22 ||    97
  Throw: Boomerang         |     5 |     6 ||    11
    Use: Scroll            |     2 |     2 ||     4
 Armour: Robe              |     7 |       ||     7
         Chain mail        |    53 |    29 ||    82
  Dodge: Dodged            |    26 |    11 ||    37
